 Dungeon Crawl Stone Soup version 0.30.0-11-gf55b779eaf (webtiles) character file.

Game seed: 7682994311189242458

125 GigaChad the Shield-Bearer (level 5, -3/42 HPs)
             Began as a Formicid Fighter on May 17, 2023.
             Was a Believer of Dithmenos.
             Slain by Pimp's ghost (11 damage)
             ... on level 3 of the Dungeon.
             The game lasted 00:03:10 (1576 turns).

GigaChad the Shield-Bearer (Formicid Fighter)       Turns: 1576, Time: 00:03:11

Health: -3/42      AC:  9    Str: 22    XL:     5   Next: 30%
Magic:  5/5        EV:  8    Int:  8    God:    Dithmenos [**....]
Gold:   92         SH:  6    Dex: 19    Spells: 4/4 levels left

rFire   . . .        a - +2 war axe
rCold   . . .        c - +0 buckler
rNeg    . . .        n - +0 chain mail
rPois   .            (helmet unavailable)
rElec   .            (no cloak)
rCorr   .            (no gloves)
SInv    +            (no boots)
Will    .....        (no amulet) Stlth
                     i - +6 ring of dexterity
HPRegen 0.27/turn    (no ring)
MPRegen 0.09/turn

%: no passive effects
@: wreathed by umbra
A: permanent stasis, dig shafts and tunnels, antennae 3, four strong arms
a: Dig, Shaft Self, Renounce Religion, Shadow Step


You were on level 3 of the Dungeon.
You worshipped Dithmenos.
Dithmenos was pleased with you.
You visited 1 branch of the dungeon, and saw 3 of its levels.

You collected 92 gold pieces.

Inventory:

Hand Weapons
 a - a +2 war axe (weapon)
Armour
 b - a +0 scale mail
 c - a +0 buckler (worn)
 n - a +0 chain mail (worn)
Jewellery
 g - an amulet of guardian spirit
 i - a +6 ring of dexterity (left hand)
Scrolls
 f - a scroll of teleportation
 k - 2 scrolls of identify
 l - a scroll of fog
Potions
 d - a potion of might
 e - a potion of attraction {unknown}
 h - a potion of lignification
 j - a potion of flight {unknown}
 m - a potion of haste {unknown}


   Skills:
 * Level 4.1 Fighting
 * Level 3.5 Axes
 * Level 4.1 Armour
 * Level 4.7 Shields


You had 4 spell levels left.
You didn't know any spells.
Your spell library contained the following spells:

 Spells                   Type           Power      Damage    Failure   Level
 Ensorcelled Hibernation  Hex/Ice        0%         N/A       99%         2
 Inner Flame              Hex/Fire       0%         N/A       100%        3
 Spider Form              Tmut/Pois      0%         N/A       100%        3
 Anguish                  Hex/Necr       0%         N/A       100%        4
 Flame Wave               Conj/Fire      0%         2d4       100%        4
 Sticky Flame             Conj/Fire      0%         2d3       100%        4


Dungeon Overview and Level Annotations

Branches:
Dungeon (3/15)

Altars:
Dithmenos

Shops:
D:1 (   D:2 (

Annotations:
D:3 Pimp's ghost, amateur DrHu


Innate Abilities, Weirdness & Mutations

You cannot be hasted, slowed, berserked, paralysed or teleported.
You can dig through walls and to a lower floor.
You have a pair of large antennae on your head. (SInv)
Your four strong arms can wield two-handed weapons with a shield.


Message History

You slash the quokka!
You kill the quokka!
Dithmenos accepts your kill. Pimp's ghost hits you!
You barely miss Pimp's ghost.
Pimp's ghost hits you but does no damage.
You hit Pimp's ghost.
Pimp's ghost is lightly damaged.
Pimp's ghost hits you. You block Pimp's ghost's attack.
You slash Pimp's ghost!
Pimp's ghost is heavily damaged.
Pimp's ghost closely misses you.
You hit Pimp's ghost.
Pimp's ghost is heavily damaged.
Pimp's ghost hits you.
You closely miss Pimp's ghost.
Pimp's ghost is heavily damaged.
Pimp's ghost hits you.
Pimp's ghost hits you but does no damage.
You completely miss Pimp's ghost.
Pimp's ghost is heavily damaged.
Pimp's ghost hits you.
You barely miss Pimp's ghost.
Pimp's ghost is heavily damaged.
You block Pimp's ghost's attack.
You slash Pimp's ghost!
Pimp's ghost is severely damaged.
Pimp's ghost hits you.
Pimp's ghost hits you but does no damage.
You closely miss Pimp's ghost.
Pimp's ghost is severely damaged.
Pimp's ghost hits you but does no damage.
You miss Pimp's ghost.
Pimp's ghost is severely damaged.
Pimp's ghost hits you!
* * * LOW HITPOINT WARNING * * *
You barely miss Pimp's ghost.
Pimp's ghost is severely damaged.
Pimp's ghost barely misses you. Pimp's ghost hits you!
You die...

###.....##.......#####
........##............
.......#######........
......................
.............#........
................(.....
.................#######
..###....##......#~~~~~~
... ............@Ww~~~?~
.###.##.##...#~~~~~~
#...........#######
..................
..........†...#...
...................
...................
.###...............
................


You could see a worm and Pimp's ghost.

Vanquished Creatures
  Robin (D:2)
  3 gnolls (D:2)
  2 adders
  2 endoplasms (D:1)
  A giant cockroach (D:1)
  8 hobgoblins
  6 jackals
  3 quokkas
  3 ball pythons
  3 bats
  2 frilled lizards
  16 goblins
  6 kobolds
  6 rats (D:1)
62 creatures vanquished.

Notes
Turn   | Place    | Note
-------+----------+-------------------------------------------
     0 | D:1      | GigaChad the Formicid Fighter began the quest for the Orb.
     0 | D:1      | Reached XP level 1. HP: 18/18 MP: 1/1
    77 | D:1      | Reached XP level 2. HP: 24/24 MP: 2/2
   167 | D:1      | Found a faded altar of an unknown god.
   172 | D:1      | Prayed at the altar of an unknown god.
   172 | D:1      | Became a worshipper of Dithmenos the Shadowed
   172 | D:1      | Reached * piety under Dithmenos
   350 | D:1      | Found Tuogareci's Weapon Emporium.
   367 | D:1      | Reached XP level 3. HP: 29/29 MP: 3/3
   652 | D:2      | Noticed Robin
   655 | D:2      | Killed Robin
   655 | D:2      | Reached ** piety under Dithmenos
   659 | D:2      | Reached XP level 4. HP: 25/37 MP: 4/4
   757 | D:2      | Reached XP level 5. HP: 10/42 MP: 5/5
  1018 | D:2      | Found Qimov's Weapon Shop.
  1539 | D:3      | Found a runed translucent door.
  1544 | D:3      | Noticed Pimp's ghost (amateur DrHu)
  1576 | D:3      | Slain by Pimp's ghost

Illustrated notes

Levels and vault maps discovered:
D:1:      matt_arrival_spirals, layout_rooms,
          hellmonk_ecumenical_altar_heavens_door, serial_shops,
          nicolae_shop_bloodbath_and_beyond, chequers_avenue
D:2:      layout_basic, serial_shops, shop, uniq_robin
D:3:      kennysheep_goblin_castle, layout_basic, ebering_ghost_sewer_f

Skill      XL: |  1  2  3  4  5 |
---------------+----------------+-----
Axes           | 3 |  3.5
Fighting       | 4 |  4.1
Armour         | 4 |  4.1
Shields        | |  4.7

Action                     |  1- 3 |  4- 6 || total
---------------------------+-------+-------++-------
  Melee: War axe           |    56 |    54 ||   110
    Use: Scroll            |     4 |     3 ||     7
 Armour: Scale mail        |    50 |    13 ||    63
         Chain mail        |       |    11 ||    11
  Dodge: Dodged            |    31 |    27 ||    58
  Block: Buckler           |    34 |    14 ||    48
